 Dungeon Crawl Stone Soup version 0.24.1-14-gf8d2b509d9 (webtiles) character file.

Game seed: 12562149624153265079, levelgen mode: deterministic

204702 Jumperg the Markscentaur (level 18, -4/145 HPs)
             Began as a Centaur Arcane Marksman on June 23, 2020.
             Was the Champion of Okawaru.
             Killed from afar by a shock serpent (19 damage)
             ... with a bolt of electricity
             ... on level 4 of the Snake Pit on July 7, 2020.
             The game lasted 16:56:41 (59223 turns).

Jumperg the Markscentaur (Centaur Arcane Marksman) Turns: 59223, Time: 16:56:42

Health: -4/145     AC: 34    Str: 20    XL:     18   Next: 2%
Magic:  6/34       EV:  6    Int: 16    God:    Okawaru [******]
Gold:   2140       SH:  0    Dex: 14    Spells: 17/41 levels left

rFire    + + .     SeeInvis .   a - +2 longbow (freeze)
rCold    x . .     Gourm    .   (shield currently unavailable)
rNeg     + . .     Faith    +   N - +0 fire dragon scales
rPois    +         Spirit   .   y - +1 helmet of Happy Babbling {Dex+2}
rElec    .         Reflect  .   q - +2 cloak {rPois}
rCorr    .         Harm     .   o - +2 pair of gloves
MR       +....                  Y - +10 Black Knight's horse barding {ponderous, rPois rN+}
Stlth    ..........             z - amulet of faith
HPRegen  0.34/turn              M - +3 ring of protection
MPRegen  0.24/turn              u - ring of wizardry

@: mighty, lethally poisoned (-4 -> -14), quick
A: large, hooves 3, deformed body, speed 2, tough skin 3
}: 1/15 runes: decaying
a: Heroism, Finesse, Renounce Religion


You were on level 4 of the Snake Pit.
You worshipped Okawaru.
Okawaru was exalted by your worship.
You were not hungry.

You visited 6 branches of the dungeon, and saw 32 of its levels.
You also visited: Sewer.

You collected 2567 gold pieces.
You spent 427 gold pieces at shops.

Inventory:

Hand Weapons
 a - a +2 longbow of freezing (weapon)
 b - the +10 morningstar "Eos" {elec, Halo rElec}
   (You found it on level 10 of the Dungeon)

   Occasionally, upon striking a foe, it will discharge some electrical energy
   and cause terrible harm.
   It insulates you from electricity.
 c - the +9 shortbow "Worm's Wrath" {flame, rN++ Str+4}
   (Okawaru gifted it to you on level 15 of the Dungeon)

   It causes projectiles fired from it to burn those they strike, causing extra
   injury to most foes and up to half again as much damage against particularly
   susceptible opponents.
   It affects your strength (+4).
   It greatly protects you from negative energy.
 P - a +4 short sword of speed
Missiles
 d - 647 arrows (quivered)
 O - 4 curare-tipped darts
 Q - a throwing net
 S - 3 atropa-tipped darts
Armour
 o - a +2 pair of gloves (worn)
 q - a +2 cloak of poison resistance (worn)
 w - a +0 troll leather armour {Purgy}
 x - the +1 ice dragon scales of Wonder {rPois rF- rC++ Str+2}
   (Okawaru gifted it to you on level 2 of the Lair of Beasts)

   It affects your strength (+2).
   It makes you vulnerable to fire.
   It greatly protects you from cold.
   It protects you from poison.
 y - the +1 helmet of Happy Babbling (worn) {Dex+2}
   (You took it off Robin on level 3 of the Dungeon)

   It affects your dexterity (+2).
 G - a +1 centaur barding of stealth
 N - +0 fire dragon scales (worn)
 T - a scarf of resistance
 X - a +1 centaur barding of fire resistance
 Y - the +10 Black Knight's horse barding (worn) {ponderous, rPois rN+}
   (You found it on level 3 of the Snake Pit)

   It protects you from poison.
   It protects you from negative energy.
Jewellery
 m - an uncursed amulet of guardian spirit
 u - a ring of wizardry (right hand)
 z - an amulet of faith (around neck)
 B - an uncursed amulet of the acrobat
 L - a +3 ring of intelligence
 M - a +3 ring of protection (left hand)
 W - an uncursed ring of magical power
 Z - an uncursed ring of positive energy
Wands
 t - a wand of disintegration (6)
 J - a wand of acid (21)
 V - a wand of clouds (5)
Scrolls
 i - 2 scrolls of vulnerability
 k - a scroll of identify
 p - 5 scrolls of fear
 s - 7 scrolls of teleportation
 F - 10 scrolls of magic mapping
 I - 4 scrolls of immolation
 R - 14 scrolls of remove curse
Potions
 e - 2 potions of resistance
 h - 3 potions of haste
 j - a potion of ambrosia
 r - 3 potions of agility
 v - 12 potions of curing
 A - 3 potions of brilliance
 C - 4 potions of invisibility
 D - 3 potions of cancellation
 E - 3 potions of magic
 H - 2 potions of might
Comestibles
 f - 53 rations


   Skills:
 - Level 9.0 Fighting
 + Level 20.0 Bows
 - Level 3.2 Armour
 - Level 1.3 Dodging
 - Level 12.0 Spellcasting
 + Level 13.9 Hexes
 + Level 9.8 Summonings
 - Level 12.0 Translocations
 - Level 5.0 Invocations


You had 17 spell levels left.
You knew the following spells:

 Your Spells              Type           Power        Failure   Level  Hunger
a - Corona                Hex            ######.      1%          1    None
b - Slow                  Hex            ######..     1%          2    None
c - Portal Projectile     Hex/Tloc       ######       1%          3    None
d - Blink                 Tloc           N/A          1%          2    None
e - Confusing Touch       Hex            ######       1%          1    None
f - Gell's Gravitas       Tloc           #####.....   1%          3    None
g - Tukima's Dance        Hex            ######..     1%          3    None
h - Summon Butterflies    Summ           #####...     1%          1    None
i - Summon Mana Viper     Hex/Summ       #####...     2%          5    #####..
j - Summon Guardian Gole  Hex/Summ       #####...     1%          3    None

Your spell library contained the following spells:

 Spells                   Type           Power        Failure   Level  Hunger
 Apportation              Tloc           #####.       1%          1    None
 Summon Small Mammal      Summ           ####         1%          1    None
 Call Imp                 Summ           #####...     1%          2    None
 Call Canine Familiar     Summ           #####...     1%          3    None
 Confuse                  Hex            ######..     1%          3    None
 Inner Flame              Hex/Fire       ####....     1%          3    None
 Lesser Beckoning         Tloc           #####.....   1%          3    None
 Cause Fear               Hex            ######....   1%          4    ##.....
 Leda's Liquefaction      Hex/Erth       ####......   6%          4    ##.....
 Invisibility             Hex            ######..     6%          6    ######.
 Animate Skeleton         Necr           N/A          11%         1    None
 Flame Tongue             Conj/Fire      #....        11%         1    None
 Magic Dart               Conj           #...         11%         1    None
 Pain                     Necr           #...         11%         1    None
 Shock                    Conj/Air       #...         11%         1    None
 Summon Ice Beast         Ice/Summ       ####....     14%         4    ##.....
 Summon Lightning Spire   Summ/Air       ####....     14%         4    ##.....
 Swiftness                Chrm/Air       #.......     16%         2    None
 Throw Flame              Conj/Fire      #.....       16%         2    None
 Metabolic Englaciation   Hex/Ice        ####......   16%         5    #####..
 Yara's Violent Unravell  Hex/Tmut       ####......   16%         5    #####..
 Conjure Flame            Conj/Fire      #.......     30%         3    None
 Mephitic Cloud           Conj/Pois/Air  #.......     30%         3    None
 Regeneration             Chrm/Necr      #.........   30%         3    None
 Static Discharge         Conj/Air       #.......     30%         3    None
 Vampiric Draining        Necr           #.........   30%         3    None
 Airstrike                Air            #.........   67%         4    ##.....
 Animate Dead             Necr           N/A          67%         4    ##.....
 Petrify                  Tmut/Erth      #.......     67%         4    ##.....
 Sticky Flame             Conj/Fire      #.......     67%         4    ##.....
 Summon Hydra             Summ           #####.....   80%         7    #######
 Alistair's Intoxication  Tmut/Pois      #.......     94%         5    #####..
 Fireball                 Conj/Fire      #.........   94%         5    #####..
 Lightning Bolt           Conj/Air       #.........   94%         5    #####..


Dungeon Overview and Level Annotations

Branches:
Dungeon (15/15)            Temple (1/1) D:7            Lair (6/6) D:8
  Swamp (4/4) Lair:4        Snake (4/4) Lair:2        Slime (0/5) Lair:5
    Orc (2/2) D:9             Elf (0/3) Orc:2        Vaults (0/5) D:14
 Depths (0/5) D:15          Sewer (visited)

Altars:
Ashenzari
Cheibriados
Dithmenos
Elyvilon
Fedhas
Gozag
Hepliaklqana
Kikubaaqudgha
Makhleb
Nemelex Xobeh
Okawaru
Qazlal
Ru
Sif Muna
Trog
Uskayaw
Vehumet
Wu Jian
Xom
Yredelemnul
Zin
The Shining One

Shops:
D:7 ?   D:8 (   D:9 :   D:11 }   Snake:3 [

Portals:
Trove: D:12 (give 19 potions of curing)

Annotations:
Snake:4 Donald
Orc:2 Jorgrun


Innate Abilities, Weirdness & Mutations

You have hooves in place of feet.
Armour fits poorly on your strangely shaped body.
You cover ground very quickly.
You have extremely tough skin. (AC +3)


Message History

* * * LOW HITPOINT WARNING * * *
You feel sick.
* * * LOW HITPOINT WARNING * * *
You are more poisoned.
The shock serpent completely misses you.
The naga spits poison at you.
The splash of poison hits you but does no damage.
You resist.
You feel sick.
The naga ritualist's toxic aura wanes.
You feel sick.
You feel sick.
You feel sick.
The shock serpent bites you but does no damage. x2
Things that are here:
an arrow; a +0 robe; a +4 morningstar of draining You feel sick.
The mana viper bites you but does no damage.
The shock serpent shoots out a bolt of lightning at you!
The bolt of electricity hits you!!
You die...

,*,* #####.######..##
**,####..............#
,,.(............./...##
,,....................#
,,,.(.$...............#
*#.##.........SN/...#.#
##.##......(...S....#.######
,..............S(..........#
*#.##..........N@..........#
##.###..........<.......$..#
.)..........#..$..##########
.......############ .SS....#
.......# .......# .......#
.......#


You could see a naga ritualist, a shock serpent, a mana viper, a black mamba and
a naga.

Vanquished Creatures
  the Lernaean hydra (Swamp:4)
  Rupert (Snake:1)
  Gastronok (D:12)
  Kirke (D:12)
  A thorn hunter (Swamp:4)
  3 nagarajas (Snake:2)
  The ghost of Fyheb the Spear-Bearer, a journeyman MfIE of Zin (D:15)
  A fire dragon (Lair:6)
  Harold (D:7)
  Erolcha (D:9)
  Fannar (D:11)
  A vault guard (D:12)
  23 hydras
  A yaktaur captain (D:15)
  The ghost of Baec the Cleaver, a journeyman DsFi (Lair:2)
  10 naga warriors
  10 anacondas
  22 alligators
  6 centaur warriors
  An ogre mage (D:14)
  7 two-headed ogres
  8 death yaks
  2 tengu warriors (D:14)
  9 naga sharpshooters
  Nergalle (D:9)
  A shock serpent (Snake:4)
  2 salamander mystics
  9 naga ritualists
  16 swamp dragons
  2 unseen horrors
  3 spriggan druids
  A lindwurm (Lair:6)
  Pikel (D:5)
  10 mana vipers
  20 ugly things
  An orc sorcerer (Orc:1)
  A manticore (D:11)
  2 deep elf magi
  31 slime creatures
  4 cyclopes
  7 salamanders (Snake:3)
  Maurice (D:12)
  6 elephants
  3 molten gargoyles (Lair:6)
  4 guardian serpents
  15 naga magi
  36 black mambas
  25 spiny frogs
  3 gargoyles
  2 centaur skeletons
  A rime drake (Lair:2)
  4 torpor snails
  8 komodo dragons
  A kobold demonologist (D:15)
  A yaktaur (D:15)
  A redback zombie (D:11)
  An efreet (D:14)
  2 trolls
  A jumping spider (shapeshifter) (D:15)
  A meliai (shapeshifter) (D:14)
  8 tyrant leeches
  Prince Ribbit (Lair:2)
  7 hornets
  7 bog bodies
  13 blink frogs
  9 hippogriffs
  Sigmund (D:5)
  3 shadows
  7 spriggans
  A vampire (D:13)
  3 wraiths
  7 wyverns
  6 hogs
  52 yaks
  6 basilisks
  A fire elemental (Lair:4)
  21 vampire mosquitoes
  2 steam dragons (Lair:6)
  11 swamp worms
  A hungry ghost (D:9)
  25 insubstantial wisps
  2 soldier ants
  31 nagas
  A warg (Orc:1)
  4 hell hounds (Lair:6)
  11 water moccasins
  An acid dragon (D:11)
  13 swamp drakes
  9 porcupines
  Purgy (Sewer)
  A hornet zombie (D:9)
  11 orc warriors
  7 ice beasts
  A slave (D:4)
  3 black bears
  3 sky beasts
  4 phantoms
  13 ogres
  3 necrophages
  6 wolves (Lair:1)
  22 centaurs
  11 crocodiles
  2 big kobolds
  11 bullfrogs
  A water moccasin zombie (D:9)
  A wyvern skeleton (D:8)
  3 scorpions
  5 killer bees
  20 wights
  2 howler monkeys
  6 crimson imps
  5 lava snakes (Lair:6)
  A quasit (D:12)
  9 hounds
  7 jellies
  11 orc priests
  12 orc wizards
  5 iguanas
  6 hell rats (Lair:3)
  8 worker ants
  Robin (D:3)
  13 adders
  4 shadow imps
  7 oozes
  An adder zombie (D:9)
  2 adder skeletons
  5 worms
  3 dart slugs
  4 leopard geckos
  55 orcs
  3 ball pythons
  11 giant cockroaches
  16 hobgoblins
  11 jackals
  23 kobolds
  8 quokkas
  14 bats
  3 frilled lizards
  21 goblins
  A jackal skeleton (D:2)
  A leopard gecko skeleton (D:8)
  14 rats
  2 fungi
1030 creatures vanquished.

Vanquished Creatures (collateral kills)
  Erica (D:11)
  A naga sharpshooter (Snake:3)
2 creatures vanquished.

Vanquished Creatures (others)
  An ugly thing (D:14)
  A manticore (D:14)
  A blink frog (Lair:5)
  A dancing weapon (D:11)
  2 yaks (Lair:5)
  A hell hound (Lair:6)
  A jelly (D:14)
  8 fungi
  6 plants
22 creatures vanquished.

Grand Total: 1054 creatures vanquished

Notes
Turn   | Place    | Note
-------+----------+-------------------------------------------
     0 | D:1      | Jumperg the Centaur Arcane Marksman began the quest for the
                  | Orb.
     0 | D:1      | Reached XP level 1. HP: 16/16 MP: 2/2
   258 | D:1      | Reached skill level 3 in Bows
   329 | D:1      | Reached XP level 2. HP: 21/23 MP: 3/3
  1215 | D:2      | Reached XP level 3. HP: 28/28 MP: 5/5
  1972 | D:2      | Reached skill level 4 in Bows
  1972 | D:2      | Reached XP level 4. HP: 35/35 MP: 4/6
  2488 | D:3      | Identified the +1 helmet of Happy Babbling {Dex+2}
  2488 | D:3      | Noticed Robin
  3459 | D:3      | Noticed an ice beast
  3706 | D:3      | Reached XP level 5. HP: 39/40 MP: 8/8
  4023 | D:3      | Killed Robin
  4384 | D:3      | You fall into a shaft and drop 1 floor!
  4420 | D:4      | Reached skill level 5 in Bows
  4446 | D:4      | Noticed an ogre
  4675 | D:4      | Found a glowing drain.
  4713 | Sewer    | Entered a sewer
  4786 | Sewer    | Noticed Purgy
  4863 | Sewer    | Killed Purgy
  4863 | Sewer    | Reached XP level 6. HP: 34/47 MP: 5/10
  5030 | D:4      | Learned a level 2 spell: Slow
  5430 | D:5      | Entered Level 5 of the Dungeon
  5491 | D:5      | Noticed Pikel
  5491 | D:5      | Noticed a slave
  5491 | D:5      | Noticed a slave
  5491 | D:5      | Noticed a slave
  5491 | D:5      | Noticed a slave
  5615 | D:4      | Reached skill level 6 in Bows
  5946 | D:5      | Reached XP level 7. HP: 51/52 MP: 9/11
  6319 | D:5      | Found an ancient bone altar of Kikubaaqudgha.
  6326 | D:5      | Found a sparkling altar of Nemelex Xobeh.
  6330 | D:5      | Found a burning altar of Makhleb.
  6445 | D:5      | Reached skill level 5 in Hexes
  6724 | D:5      | Reached skill level 7 in Bows
  6855 | D:5      | Noticed Sigmund
  7593 | D:5      | Killed Pikel
  7593 | D:5      | Reached skill level 8 in Bows
  7593 | D:5      | Reached XP level 8. HP: 31/59 MP: 5/14
  7737 | D:5      | Killed Sigmund
  8233 | D:6      | Reached skill level 9 in Bows
  8233 | D:6      | Reached skill level 5 in Spellcasting
  8876 | D:6      | Reached XP level 9. HP: 64/64 MP: 15/17
  8881 | D:6      | Learned a level 3 spell: Portal Projectile
  9193 | D:7      | Found a shimmering altar of Xom.
  9207 | D:7      | Found a staircase to the Ecumenical Temple.
  9241 | D:7      | Found Raecee's Magic Scroll Emporium.
  9244 | D:7      | Bought a scroll of fog for 28 gold pieces
  9244 | D:7      | Bought a scroll of immolation for 49 gold pieces
  9244 | D:7      | Bought a scroll of identify for 28 gold pieces
  9244 | D:7      | Bought a scroll of random uselessness for 14 gold pieces
  9244 | D:7      | Bought a scroll of identify for 28 gold pieces
  9509 | D:7      | Noticed Harold
  9605 | Temple   | Entered the Ecumenical Temple
  9740 | Temple   | Became a worshipper of Warmaster Okawaru
  9843 | D:7      | Killed Harold
  9843 | D:7      | Reached skill level 10 in Bows
  9970 | D:7      | Reached * piety under Okawaru
 10065 | D:7      | Found a shimmering altar of Xom.
 10066 | D:7      | Found a shimmering altar of Xom.
 10066 | D:7      | Found a shimmering altar of Xom.
 10067 | D:7      | Found a shimmering altar of Xom.
 10568 | D:8      | Found a staircase to the Lair.
 10612 | D:7      | Noticed a meliai
 10613 | D:7      | Noticed a mana viper
 10629 | D:7      | Noticed a cyclops
 10629 | D:7      | a mana viper changed into a cyclops
 10770 | D:7      | Reached skill level 11 in Bows
 10770 | D:7      | Reached skill level 1 in Invocations
 11356 | D:8      | Reached XP level 10. HP: 71/71 MP: 17/19
 11465 | D:8      | Found Gemnofos's Weapon Boutique.
 12195 | D:9      | Reached ** piety under Okawaru
 12604 | D:9      | Reached skill level 12 in Bows
 13217 | D:9      | Reached skill level 5 in Translocations
 13611 | D:9      | Found a staircase to the Orcish Mines.
 14288 | D:9      | Reached *** piety under Okawaru
 14580 | D:9      | Found a stormy altar of Qazlal.
 14634 | D:9      | Found Pelaiqo's Book Shop.
 14719 | D:9      | Found a blossoming altar of Fedhas.
 14958 | D:10     | Entered Level 10 of the Dungeon
 15314 | D:10     | Reached skill level 13 in Bows
 15389 | D:10     | Noticed a two-headed ogre
 15486 | D:10     | Killed a two-headed ogre
 15486 | D:10     | Reached **** piety under Okawaru
 16142 | D:10     | Noticed a guardian serpent
 16612 | D:10     | Received a gift from Okawaru
 16612 | D:10     | Reached XP level 11. HP: 77/77 MP: 20/20
 16782 | D:10     | Found the +10 morningstar "Eos" {elec, Halo rElec}
 16999 | D:10     | Received a gift from Okawaru
 16999 | D:10     | Reached skill level 14 in Bows
 17099 | D:9      | Learned a level 2 spell: Blink
 17099 | D:9      | Bought a book of Misfortune for 280 gold pieces
 17101 | D:9      | Learned a level 1 spell: Confusing Touch
 17105 | D:9      | Learned a level 3 spell: Gell's Gravitas
 17154 | Lair:1   | Entered Level 1 of the Lair of Beasts
 17444 | D:8      | Reached ***** piety under Okawaru
 17951 | Lair:1   | Noticed a four-headed hydra
 18006 | Lair:1   | Killed a four-headed hydra
 18006 | Lair:1   | Received a gift from Okawaru
 18703 | Lair:1   | Got a blackened scale mail
 18714 | Lair:1   | Identified the +1 scale mail "Qaaxiepn" {-Cast Int+7} (You
                  | found it on level 1 of the Lair of Beasts)
 19120 | Lair:2   | Noticed Prince Ribbit
 19303 | Lair:2   | Received a gift from Okawaru
 19356 | Lair:2   | Found a staircase to the Snake Pit.
 20358 | Lair:2   | Killed Prince Ribbit
 20358 | Lair:2   | Reached skill level 5 in Fighting
 20680 | Lair:2   | Received a gift from Okawaru
 20730 | Lair:2   | Found a runed translucent gate.
 20730 | Lair:2   | Found a runed translucent gate.
 20735 | Lair:2   | Found a runed translucent gate.
 20736 | Lair:2   | Noticed a five-headed hydra
 20737 | Lair:2   | Noticed Baec's ghost (journeyman DsFi)
 20915 | Lair:3   | Noticed a death yak
 21365 | Lair:3   | Reached XP level 12. HP: 94/94 MP: 23/23
 21404 | Lair:3   | Reached ****** piety under Okawaru
 21404 | Lair:3   | Received a gift from Okawaru
 21662 | Lair:3   | Noticed a six-headed hydra
 21722 | Lair:3   | Killed a six-headed hydra
 21893 | Lair:3   | Received a gift from Okawaru
 22235 | Lair:3   | Noticed a death yak
 23460 | Lair:4   | Found a staircase to the Swamp.
 24065 | Lair:5   | Noticed a death yak
 24065 | Lair:5   | Noticed a death yak
 24161 | Lair:4   | Killed a death yak
 24747 | Lair:5   | Found a staircase to the Slime Pits.
 24949 | Lair:5   | Received a gift from Okawaru
 25234 | Lair:5   | Received a gift from Okawaru
 25268 | Lair:5   | Noticed a death yak
 25405 | Lair:5   | Received a gift from Okawaru
 25423 | Lair:5   | Killed a death yak
 25423 | Lair:5   | Reached XP level 13. HP: 27/107 MP: 2/25
 25523 | Lair:5   | Received a gift from Okawaru
 26041 | Lair:6   | Entered Level 6 of the Lair of Beasts
 26119 | Lair:5   | Received a gift from Okawaru
 26551 | Lair:6   | Reached skill level 10 in Hexes
 26641 | Lair:6   | Found a sacrificial altar of Ru.
 26804 | Lair:6   | Received a gift from Okawaru
 27855 | Lair:6   | Received a gift from Okawaru
 28197 | Lair:6   | Noticed a fire dragon
 28229 | Lair:6   | Found a large runed translucent door.
 28497 | Lair:6   | Received a gift from Okawaru
 28555 | Lair:6   | Found a large runed translucent door.
 28599 | Lair:6   | Killed a fire dragon
 29560 | D:11     | Reached skill level 10 in Spellcasting
 29801 | D:11     | Noticed a sphinx
 30040 | D:11     | Reached skill level 1 in Armour
 30117 | D:11     | Noticed Erica
 30148 | D:11     | Learned a level 3 spell: Tukima's Dance
 30178 | D:11     | Killed Erica
 30246 | D:11     | Noticed Fannar
 30293 | D:11     | Killed Fannar
 30293 | D:11     | Reached XP level 14. HP: 101/118 MP: 4/28
 30574 | D:11     | Found Idghyla's Gadget Shop.
 31351 | D:12     | Noticed Kirke
 31972 | D:12     | Received a gift from Okawaru
 32268 | D:12     | Received a gift from Okawaru
 32411 | D:12     | Noticed Gastronok
 32473 | D:12     | Killed Gastronok
 32590 | D:12     | Noticed Maurice
 32721 | D:12     | Killed Maurice
 33260 | D:9      | Learned a level 1 spell: Summon Butterflies
 33261 | Orc:1    | Entered Level 1 of the Orcish Mines
 33261 | Orc:1    | Noticed Erolcha
 33261 | Orc:1    | Noticed Nergalle
 33280 | D:9      | Killed Nergalle
 33290 | D:9      | Killed Erolcha
 33290 | D:9      | Reached skill level 15 in Bows
 33524 | Orc:2    | Entered Level 2 of the Orcish Mines
 33877 | Orc:2    | Found a burning altar of Makhleb.
 33969 | Orc:2    | Found a staircase to the Elven Halls.
 33990 | Orc:2    | Reached skill level 1 in Summonings
 34034 | Orc:2    | Noticed Jorgrun
 34073 | Orc:1    | Noticed a stone giant
 34505 | Lair:2   | Received a gift from Okawaru
 34506 | Lair:2   | Got polished ice dragon scales {god gift}
 34527 | Lair:2   | Identified the +1 ice dragon scales of Wonder {rPois rF-
                  | rC++ Str+2} (Okawaru gifted it to you on level 2 of the
                  | Lair of Beasts)
 34900 | Lair:2   | Killed Baec's ghost
 35561 | Swamp:1  | Entered Level 1 of the Swamp
 36053 | Lair:4   | Reached skill level 16 in Bows
 37433 | Swamp:1  | Received a gift from Okawaru
 37870 | Swamp:1  | Reached XP level 15. HP: 94/124 MP: 29/29
 37898 | Swamp:1  | Reached skill level 17 in Bows
 38359 | Swamp:2  | Reached skill level 5 in Summonings
 39515 | Swamp:2  | Received a gift from Okawaru
 39632 | Swamp:2  | Reached skill level 5 in Invocations
 41453 | Swamp:3  | Received a gift from Okawaru
 41719 | Swamp:3  | Reached skill level 18 in Bows
 42430 | Swamp:4  | Entered Level 4 of the Swamp
 42468 | Swamp:4  | Noticed a thorn hunter
 42912 | Swamp:4  | Killed a thorn hunter
 43761 | Swamp:4  | Received a gift from Okawaru
 43761 | Swamp:4  | Reached skill level 10 in Translocations
 43988 | Swamp:4  | Received a gift from Okawaru
 44170 | Swamp:4  | Received a gift from Okawaru
 44171 | Swamp:4  | Got a transparent shortbow {god gift}
 44174 | Swamp:4  | Reached XP level 16. HP: 43/132 MP: 30/30
 44202 | Swamp:4  | Identified the +3 shortbow of Disharmony {flame, Int+5
                  | Stlth-} (Okawaru gifted it to you on level 4 of the Swamp)
 44463 | Swamp:4  | Noticed the 27-headed Lernaean hydra
 44628 | Swamp:4  | Killed the 27-headed Lernaean hydra
 45108 | Swamp:4  | Got a decaying rune of Zot
 46076 | D:12     | Killed Kirke
 46076 | D:12     | Received a gift from Okawaru
 46076 | D:12     | Reached skill level 19 in Bows
 46196 | D:12     | Found a portal to a secret trove of treasure.
 46517 | D:13     | Received a gift from Okawaru
 47903 | D:14     | Found a gate to the Vaults.
 48940 | D:15     | Entered Level 15 of the Dungeon
 49953 | D:15     | Received a gift from Okawaru
 50389 | D:15     | Found a runed translucent gate.
 50390 | D:15     | Found a runed translucent gate.
 50390 | D:15     | Found a runed translucent gate.
 50392 | D:15     | Noticed Fyheb's ghost (journeyman MfIE)
 50534 | D:15     | Received a gift from Okawaru
 50993 | D:15     | Got an ichor-stained shortbow {god gift}
 50994 | D:15     | Identified the +9 shortbow "Worm's Wrath" {flame, rN++
                  | Str+4} (Okawaru gifted it to you on level 15 of the
                  | Dungeon)
 50997 | D:15     | Found a staircase to the Depths.
 51339 | D:15     | Killed Fyheb's ghost
 51748 | Lair:1   | Learned a level 5 spell: Summon Mana Viper
 51945 | Snake:1  | Entered Level 1 of the Snake Pit
 52515 | Snake:1  | Reached skill level 20 in Bows
 52566 | Snake:1  | Reached XP level 17. HP: 126/137 MP: 32/32
 52867 | Snake:1  | Found a hazy altar of Hepliaklqana.
 53073 | Snake:1  | Received a gift from Okawaru
 53871 | Snake:1  | Found a shimmering altar of Xom.
 53898 | Snake:1  | Noticed Rupert
 55865 | Snake:2  | Learned a level 3 spell: Summon Guardian Golem
 55941 | Snake:1  | Killed Rupert
 56349 | Snake:3  | Received a gift from Okawaru
 57018 | Snake:3  | Found Quunogo's Armour Shop.
 57255 | Snake:3  | Found the +10 Black Knight's horse barding {ponderous,
                  | rPois rN+}
 58253 | Snake:3  | Received a gift from Okawaru
 58777 | Snake:4  | Entered Level 4 of the Snake Pit
 58883 | Snake:4  | Noticed Donald
 59206 | Snake:4  | Reached XP level 18. HP: 83/145 MP: 27/34
 59223 | Snake:4  | Killed from afar by a shock serpent

Levels and vault maps discovered:
D:1:      dpeg_arrival_orchard, layout_loops_corners, grunt_decor_one_mirror,
          minmay_misc_feat_rows, minmay_misc_feat_roman
D:2:      layout_loops_corners
D:3:      minmay_bubble_buster, layout_loops_ring, uniq_robin
D:4:      layout_loops_ring, cheibrodos_sewer_entry_bend
D:5:      layout_cave_pods, grunt_temple_overflow_diamond, first_ration,
          uniq_pikel, uniq_sigmund
D:6:      layout_loops_ring
D:7:      layout_basic, xom_shifter_show, minmay_temple_entry_grid,
          serial_shops, kennysheep_mini, uniq_harold
D:8:      layout_cave_pools, lair_entry_dummy, serial_shops,
          kennysheep_mini_moat
D:9:      layout_irregular_city, kennysheep_little_box,
          nicolae_qazlal_eye_of_the_storm, david_orc_3, serial_shops,
          nicolae_shop_stone, hangedman_pestilent_swarm,
          hangedman_decor_clover_reticule
D:10:     layout_grid_maze, nrook_guardian_serpent_double
D:11:     layout_irregular_city, serial_shops, shop, minmay_three_doors,
          uniq_erica, uniq_fannar
D:12:     layout_gridville, enter_trove_5, uniq_maurice, uniq_gastronok,
          uniq_kirke
D:13:     layout_loops_ring, nrook_guardian_serpent_ordinary
D:14:     layout_loops_corners, david_vaults_2, minivault_19
D:15:     grunt_enter_depths_snipers, layout_irregular_city,
          gammafunk_ghost_hydra_chop, minivault_23
Temple:   nicolae_temple_elliptical
Lair:1:   layout_cave_pods, grunt_megastairs_1
Lair:2:   layout_gridlike, guppyfry_snake_entry_island, gammafunk_ghost_split,
          uniq_prince_ribbit2
Lair:3:   layout_roguey, st_stairs_10, lemuel_fruit_tree
Lair:4:   layout_gridlike, swamp_mist, infiniplex_staircase_pool,
          grunt_megastairs_3
Lair:5:   layout_gridlike, nicolae_slime_entry_slimehenge, grunt_megastairs_4,
          infiniplex_staircase_pool_2
Lair:6:   cheibrodos_lair_end_hotspot, layout_regular_city, basic_altar
Swamp:1:  layout_basic_swamp, serial_swamp_ruin, evilmike_swamp_ruin_house_2,
          evilmike_swamp_ruin_house_4, hangedman_swamp_ruin_wall
Swamp:2:  layout_basic_swamp, nicolae_swamp_rocky_clearing
Swamp:3:  layout_basic_swamp, nicolae_swamp_treefoil
Swamp:4:  swamp_old_school, layout_basic_swamp, swamp_pool1
Snake:1:  skrybe_snakes_to_sticks, layout_layer_cave, basic_altar, st_stairs_6,
          uniq_rupert
Snake:2:  layout_cave_shapes
Snake:3:  layout_cave_pods, serial_shops, nicolae_shop_stone, st_stairs_3,
          drop_trap
Snake:4:  grunt_snake_rune_pools, layout_rooms, serial_shops, shop, uniq_donald
Orc:1:    layout_caves, lemuel_statue_altar, uniq_erolcha, uniq_nergalle
Orc:2:    st_orc_mages, layout_caves, basic_altar, led_sif_book, uniq_jorgrun

Skill      XL: |  1  2  3  4  5  6  7  8  9 10 11 12 13 14 15 16 17 |
---------------+----------------------------------------------------+-----
Bows           | 3 4 5 6 8 9 11 13 14 16 18 20 | 20.0
Hexes          | 3 4 5 6 7 9 11 12 13 | 13.9
Spellcasting   | 2 3 4 5 6 7 8 10 11 12 | 12.0
Translocations | 4 6 8 9 10 11 12 | 12.0
Invocations    | 2 3 5 |  5.0
Fighting       | 5 7 9 |  9.0
Armour         | 1 3 |  3.2
Summonings     | 4 6 9 |  9.8
Dodging        | |  1.3

Action                   |  1- 3 |  4- 6 |  7- 9 | 10-12 | 13-15 | 16-18 || total
-------------------------+-------+-------+-------+-------+-------+-------++-------
Melee: Dagger            |   107 |   176 |    37 |       |       |       ||   320
       Kick              |    25 |    41 |    34 |    61 |    62 |    59 ||   282
       Unarmed           |     6 |       |       |       |       |       ||     6
       Whip              |       |       |    74 |    55 |       |       ||   129
       Falchion          |       |       |     8 |       |       |       ||     8
       Morningstar       |       |       |       |   204 |   306 |   235 ||   745
 Fire: Shortbow          |    27 |   168 |   325 |  1122 |   178 |   295 ||  2115
       Longbow           |       |       |       |       |  1278 |   986 ||  2264
Throw: Stone             |    14 |    23 |       |       |       |       ||    37
       Dart              |       |       |     4 |    21 |    11 |     8 ||    44
       Boomerang         |       |       |     7 |    18 |    11 |       ||    36
       Throwing net      |       |       |     1 |     1 |       |       ||     2
 Cast: Corona            |     5 |    32 |    68 |   187 |   136 |   106 ||   534
       Slow              |       |       |    32 |   124 |   177 |   134 ||   467
       Portal Projectile |       |       |       |     4 |    11 |    12 ||    27
       Gell's Gravitas   |       |       |       |    65 |    41 |       ||   106
       Confusing Touch   |       |       |       |     8 |     3 |       ||    11
       Blink             |       |       |       |     2 |    22 |    22 ||    46
       Tukima's Dance    |       |       |       |       |    10 |       ||    10
       Summon Butterflie |       |       |       |       |     1 |     6 ||     7
       Summon Guardian G |       |       |       |       |       |     4 ||     4
       Summon Mana Viper |       |       |       |       |       |     3 ||     3
Invok: Heroism           |       |       |       |     2 |     1 |     1 ||     4
Evoke: Wand              |       |       |     3 |     1 |     2 |       ||     6
  Use: Scroll            |       |     8 |     5 |     7 |    11 |    17 ||    48
       Potion            |       |       |       |       |     1 |     6 ||     7
 Stab: Confused          |       |       |       |     2 |     2 |       ||     4
  Eat: Chunk             |     2 |    11 |    11 |    31 |    36 |    24 ||   115
       Ration            |       |       |     1 |     2 |     4 |     4 ||    11
Armor: Robe              |    39 |     3 |       |       |       |       ||    42
       Leather armour    |       |   136 |    81 |    87 |    15 |       ||   319
       Troll leather arm |       |       |       |    91 |   343 |   102 ||   536
       Ring mail         |       |       |       |       |    60 |       ||    60
       Ice dragon scales |       |       |       |       |    65 |    71 ||   136
       Fire dragon scale |       |       |       |       |     1 |   308 ||   309
Dodge: Dodged            |    39 |   141 |   101 |   168 |   240 |   166 ||   855
       Rpst.: Falchion   |       |       |     1 |       |       |       ||     1
